 Dungeon Crawl Stone Soup version 0.16-a0-1120-gd281f79 (webtiles) character file.

859 Kold the Cleaver (level 7, -4/57 HPs)
             Began as a Minotaur Fighter on Oct 6, 2014.
             Killed from afar by Sigmund (10 damage)
             ... with a puff of flame
             ... on level 4 of the Dungeon.
             The game lasted 00:06:16 (2872 turns).

Kold the Cleaver (Minotaur Fighter)                 Turns: 2872, Time: 00:06:16

Health: -4/57      AC:  6    Str: 21    XL:     7   Next: 71%
Magic:  3/3        EV:  6    Int:  5    God:
Gold:   109        SH:  9    Dex: 11    Spells: 0 memorised, 6 levels left

rFire  . . .     SeeInvis .     a - +0 war axe
rCold  . . .     Clarity  .     b - +0 scale mail
rNeg   + . .     SustAb   .     c - +0 shield
rPois  .         Gourm    .     (helmet restricted)
rElec  .         Spirit   .     (no cloak)
rCorr  .         Warding  +     (no gloves)
rMut   .         Stasis   .     (no boots)
MR     .....                    m - amulet of warding
Stlth  ..........               (no ring)
                                (no ring)

@: not resistant to hostile enchantments, extremely unstealthy
A: retaliatory headbutt, horns 2
a: no special abilities


You were on level 4 of the Dungeon.
You were hungry.

You visited 1 branch of the dungeon, and saw 4 of its levels.

You collected 109 gold pieces.

Inventory:

Hand weapons
 a - a +0 war axe (weapon)
Armour
 b - a +0 scale mail (worn)
 c - a +0 shield (worn)
Comestibles
 d - 3 bread rations
 h - a slice of pizza
 o - a fruit
 p - a beef jerky
 u - 3 chunks of orc flesh
 v - a chunk of giant cockroach flesh
 w - 5 chunks of ogre flesh
Scrolls
 f - 2 scrolls of remove curse {unknown}
 g - 2 scrolls of random uselessness {unknown}
 i - 5 scrolls of identify {unknown}
 j - a scroll of recharging {unknown}
 l - 2 scrolls of enchant armour {unknown}
 n - 3 scrolls of teleportation {unknown}
 s - a scroll of noise {unknown}
 x - 3 scrolls of amnesia {unknown}
Jewellery
 m - an amulet of warding (around neck)
Potions
 e - 2 potions of might


   Skills:
 - Level 3.6 Fighting
 + Level 10.6 Axes
 - Level 3.6 Armour
 - Level 3.6 Shields


You had 6 spell levels left.
You didn't know any spells.

Dungeon Overview and Level Annotations

Branches:
Dungeon (4/15)
 Temple: D:4-7

Altars:
Fedhas
Kikubaaqudgha
Xom
Zin

Annotations:
D:4 Sigmund


Innate Abilities, Weirdness & Mutations

You reflexively headbutt those who attack you in melee.
You have a pair of horns on your head.


Message History

You hear some strange, mumbled words.
Something tries to affect you, but you resist.
You slash something! Something hits you!
* * * LOW HITPOINT WARNING * * *
Drink which item? (? for menu, Esc to quit)
You are confused.
It was a potion of confusion.
Something hits you!
* * * LOW HITPOINT WARNING * * *
Drink which item? (? for menu, Esc to quit)
Your magical effects are unravelling.
Your magical contamination has completely faded away.
You feel magically purged.
It was a potion of cancellation.
You feel less confused.
Drink which item? (? for menu, Esc to quit)
You feel better.
It was a potion of curing.
Something hits you.
* * * LOW HITPOINT WARNING * * *
You hear some strange, mumbled words.
A puff of flame appears from out of thin air!
The puff of flame hits you!
You die...

.... #)..# ### #####....
#...# ##..
.......#..##...# #... ♣
P.
♣.#.....#.......#####)..
♣≈≈≈≈
♣P.............))....<)..
....≈
........#####)###..##...
P♣≈≈≈ #...{.# #..#
##....[. P≈♣
#.....####)## #...... ♣≈P
#....@##...# #..(...
♣♣♣≈♣♣ #.....##.###
....#### .♣♣.P♣
##.#........# ...##
.♣♣.♣♣..........<#### ...
#..)........###### ...
###......... ########.


There were no monsters in sight!

Vanquished Creatures
  Pikel (D:3)
  The ghost of Ololoev the Slasher, an average CeGl (D:3)
  An ogre (D:4)
  An orc priest (D:3)
  3 adders (D:2)
  A giant mite (D:3)
  6 worms
  3 giant geckos
  An ooze (D:3)
  18 orcs
  2 ball pythons
  8 giant cockroaches
  8 goblins
  7 hobgoblins
  2 quokkas
  5 bats
  3 giant newts
  12 kobolds
  10 rats
93 creatures vanquished.

Vanquished Creatures (others)
  2 orc priests (D:4)
  3 orcs (D:4)
  A rat (D:4)
6 creatures vanquished.

Grand Total: 99 creatures vanquished

Notes
Turn   | Place    | Note
--------------------------------------------------------------
     0 | D:1      | Kold, the Minotaur Fighter, began the quest for the Orb.
     0 | D:1      | Reached XP level 1. HP: 19/19 MP: 1/1
   183 | D:1      | Reached XP level 2. HP: 26/26 MP: 1/1
   463 | D:1      | Reached skill level 4 in Axes
   674 | D:2      | Reached XP level 3. HP: 25/31 MP: 2/2
   915 | D:2      | Noticed an angel
   915 | D:2      | Found a glowing silver altar of Zin.
   916 | D:2      | Found a shimmering altar of Xom.
  1160 | D:2      | Reached skill level 5 in Axes
  1229 | D:2      | Found a blossoming altar of Fedhas.
  1230 | D:2      | Found an ancient bone altar of Kikubaaqudgha.
  1255 | D:2      | Reached XP level 4. HP: 31/39 MP: 2/2
  1710 | D:3      | Reached skill level 6 in Axes
  1951 | D:3      | Noticed Ololoev's ghost (average CeGl)
  1958 | D:3      | Killed Ololoev's ghost
  1958 | D:3      | Reached skill level 7 in Axes
  1958 | D:3      | Reached XP level 5. HP: 33/45 MP: 2/2
  2200 | D:4      | Noticed an ogre
  2205 | D:4      | Noticed Sigmund
  2369 | D:4      | Noticed Pikel
  2369 | D:4      | Noticed a slave
  2371 | D:4      | Noticed a slave
  2372 | D:4      | Noticed a slave
  2373 | D:4      | Noticed a slave
  2389 | D:3      | Killed Pikel
  2389 | D:3      | Reached skill level 10 in Axes
  2389 | D:3      | Reached XP level 6. HP: 3/51 MP: 3/3
  2389 | D:3      | Reached XP level 7. HP: 3/57 MP: 3/3
  2770 | D:4      | Killed an ogre
  2872 | D:4      | Killed from afar by Sigmund

Action                   |  1- 3 |  4- 6 |  7- 9 || total
-------------------------+-------+-------+-------++-------
Melee: War axe           |    96 |    93 |    40 ||   229
  Use: Potion            |       |     1 |     4 ||     5
  Eat: Chunk             |     1 |     3 |     2 ||     6
